 Dungeon Crawl Stone Soup version 0.18.1-2-ga659475 (webtiles) character file.

191 Scarto the Shield-Bearer (level 5, -7/33 HPs)
             Began as a Gargoyle Fighter on May 8, 2016.
             Was an Initiate of Gozag.
             Killed by divine providence
             ... invoked by an orc priest
              (13 damage)
             ... on level 4 of the Dungeon.
             The game lasted 00:04:52 (2080 turns).

Scarto the Shield-Bearer (Gargoyle Fighter)         Turns: 2080, Time: 00:04:53

Health: -7/33      AC: 12    Str: 21    XL:     5   Next: 70%
Magic:  5/5        EV:  8    Int:  8    God:    Gozag
Gold:   356        SH:  9    Dex:  9    Spells: 0 memorised, 4 levels left

rFire  . . .     SeeInvis .     a - +1 flail
rCold  . . .     Gourm    .     b - +0 scale mail
rNeg   + + .     Faith    .     c - +0 shield
rPois  ∞         Spirit   .     p - +0 helmet
rElec  +         Dismiss  .     (no cloak)
rCorr  .         Reflect  .     (no gloves)
SustAt .         Harm     .     (no boots)
MR     .....                    (no amulet)
Stlth  ..........               (no ring)
                                g - ring of positive energy

@: not resistant to hostile enchantments, extremely unstealthy
A: negative energy resistance 1, electricity resistance, unbreathing,
petrification resistance, rot immunity, AC +4
a: Potion Petition, Call Merchant, Bribe Branch, Renounce Religion


You were on level 4 of the Dungeon.
You worshipped Gozag.
Gozag was noncommittal.
You were not hungry.

You visited 1 branch of the dungeon, and saw 4 of its levels.

You collected 380 gold pieces.
You paid 24 gold pieces to Gozag.

Inventory:

Hand Weapons
 a - a +1 flail (weapon)
Missiles
 l - 5 tomahawks (quivered)
Armour
 b - a +0 scale mail (worn)
 c - a +0 shield (worn)
 p - a +0 helmet (worn)
Rods
 e - a +1 rod of ignition (10/10)
   (You found it on level 3 of the Dungeon)
Jewellery
 g - a ring of positive energy (left hand)
Wands
 n - a wand of digging (6/24)
Scrolls
 j - a scroll of recharging
 o - a scroll of identify
Potions
 d - 2 potions of might
 h - a potion of invisibility
 k - a potion of haste
 m - a potion of brilliance {unknown}
 q - 2 potions of lignification {unknown}
Comestibles
 f - a bread ration
 i - a meat ration
 s - 2 slices of pizza


   Skills:
 + Level 4.1 Fighting
 + Level 2.8 Maces & Flails
 + Level 4.1 Armour
 + Level 1.4 Dodging
 + Level 4.7 Shields


You had 4 spell levels left.
You didn't know any spells.

Dungeon Overview and Level Annotations

Branches:
Dungeon (4/15)
 Temple: D:4-7

Altars:
Elyvilon
Gozag
Kikubaaqudgha
Yredelemnul
Zin

Shops:
D:4 =

Annotations:
D:4 Blork the orc


Innate Abilities, Weirdness & Mutations

You are resistant to torment.
Your stone body is resilient (AC +4).
You are immune to poison.
You resist negative energy.
You are resistant to electric shocks.
You can survive without breathing.
You are immune to petrification.
You are immune to rotting.


Message History

The orc closely misses you. Blork the orc barely misses you.
The orc wizard points at you and mumbles some strange words.
The puff of flame misses you.
The puff of flame hits Blork the orc.
You block the orc's attack. Blork the orc hits you with a mace.
The orc wizard hits you but does no damage.
You barely miss Blork the orc.
Blork the orc is heavily wounded.
The orc wizard hits you but does no damage.
Blork the orc gestures at you while chanting.
You block the puff of frost.
The orc wizard hits you but does no damage.
Blork the orc hits you with a mace.
* * * LOW HITPOINT WARNING * * *
The orc priest casts a cantrip, but nothing happens.
The orc hits you but does no damage.
The orc priest calls down the wrath of Beogh upon you.
Beogh smites you!
You die...
Your body crumbles into a pile of gold.

#### #.## ##...
#....
##############..##
#.................
#@################
#######o#######
......oo.%.....
#####.#.#######
#.#o# # #$# #..
... ...


You could see Blork the orc, an orc priest, an orc wizard and an orc.

Vanquished Creatures
  An orc priest (D:3)
  Jessica (D:3)
  7 adders
  2 worms (D:3)
  3 dart slugs
  A giant gecko (D:2)
  3 orcs (D:3)
  2 giant cockroaches (D:3)
  4 goblins
  11 hobgoblins
  3 jackals (D:1)
  7 bats
  A giant newt (D:1)
  6 kobolds
  9 rats
61 creatures vanquished.

Notes
Turn   | Place    | Note
--------------------------------------------------------------
     0 | D:1      | Scarto the Gargoyle Fighter began the quest for the Orb.
     0 | D:1      | Reached XP level 1. HP: 14/14 MP: 1/1
    85 | D:1      | Reached XP level 2. HP: 19/19 MP: 2/2
   440 | D:1      | Reached XP level 3. HP: 20/24 MP: 3/3
   613 | D:2      | Found a glowing silver altar of Zin.
   770 | D:2      | Found an opulent altar of Gozag.
   806 | D:2      | Became a worshipper of Gozag Ym Sagoz the Greedy
  1170 | D:3      | Reached XP level 4. HP: 27/29 MP: 4/4
  1307 | D:3      | Found a basalt altar of Yredelemnul.
  1336 | D:3      | Reached skill level 1 in Dodging
  1384 | D:3      | Noticed Jessica
  1408 | D:3      | Killed Jessica
  1408 | D:3      | Reached XP level 5. HP: 29/33 MP: 5/5
  1555 | D:3      | Found a white marble altar of Elyvilon.
  1555 | D:3      | Found an ancient bone altar of Kikubaaqudgha.
  1902 | D:4      | Found Odooth's Jewellery Shoppe.
  2069 | D:4      | Noticed Blork the orc
  2080 | D:4      | Killed from afar by an orc priest

Skill      XL: |  1  2  3  4 |
---------------+-------------+-----
Shields        | 4 |  4.7
Dodging        | 1 |  1.4
Fighting       | 4 |  4.1
Armour         | 4 |  4.1
Maces & Flails | |  2.8

Action                   |  1- 3 |  4- 6 || total
-------------------------+-------+-------++-------
Melee: Flail             |   164 |   130 ||   294
  Use: Scroll            |     8 |     1 ||     9
  Eat: Bread ration      |       |     1 ||     1
Armor: Scale mail        |   100 |    95 ||   195
Dodge: Dodged            |    56 |    56 ||   112
Block: Shield            |   103 |    93 ||   196
